[Event "Titled Tuesday Blitz May 16 Early 2023"]
[White "Starozhilov, Leonid"]
[Black "Yosha_Iglesias"]
[WhiteFideId "14106752"]
[WhiteElo "2352"]
[BlackElo "2411"]
[Result "1-0"]
[Round "01"]
[TimeControl "180+2"]
[Date "2023.05.16"]
[WhiteClock "0:01:02"]
[BlackClock "0:00:39"]

1. e4 c5 2. Nf3 d6 3. Bb5+ Bd7 4. Bc4 Nc6 5. O-O e6 6. c3 Nf6 7. Re1 Be7 8. d3 O-O 9. Bg5 Na5 10. Nbd2 h6 11. Bh4 Rc8 12. a4 Nxc4 13. Nxc4 Bc6 14. Qe2 e5 15. Ne3 Bd7 16. Nd2 Nh7 17. Bxe7 Qxe7 18. Nd5 Qd8 19. Nc4 Be6 20. Nde3 Qe7 21. h3 g6 22. b4 Kh8 23. bxc5 dxc5 24. Nd5 Qg5 25. Qe3 Qxe3 26. fxe3 f6 27. Rab1 Rf7 28. Nd6 1-0


[Site "https://www.chess.com"]

[Event "Titled Tuesday Blitz May 16 Early 2023"]
[White "Kushko, Dmitriy"]
[Black "Petrova, Irina"]
[WhiteFideId "14162261"]
[BlackFideId "14124122"]
[WhiteElo "2230"]
[BlackElo "2084"]
[Result "1-0"]
[Round "01"]
[TimeControl "180+2"]
[Date "2023.05.16"]
[WhiteClock "0:00:28"]
[BlackClock "0:00:08"]

1. f4 d5 2. Nf3 Nc6 3. e3 Bg4 4. Bb5 Nf6 5. h3 Bd7 6. d4 a6 7. Bd3 g6 8. c3 Bg7 9. O-O O-O 10. Qc2 b5 11. Nbd2 b4 12. Nb3 bxc3 13. bxc3 a5 14. Nc5 Be8 15. a4 Nd7 16. Nb3 Nb6 17. Ba3 Bd7 18. Nc5 Nc4 19. Bxc4 dxc4 20. Nd2 Bf5 21. e4 Bc8 22. Kh1 Ba6 23. Rab1 Re8 24. Nxa6 Rxa6 25. Nxc4 Qd7 26. d5 Nb8 27. Ne5 Bxe5 28. fxe5 c6 29. Qf2 e6 30. d6 c5 31. Bxc5 Nc6 32. Bd4 Nxd4 33. cxd4 Ra7 34. Rb5 Rb8 35. Rxb8+ 1-0


[Site "https://www.chess.com"]

[Event "Titled Tuesday Blitz May 16 Early 2023"]
[White "KVAIDAN"]
[Black "Deepan Chakkravarthy J."]
[BlackFideId "5011132"]
[WhiteElo "2403"]
[BlackElo "2351"]
[Result "0-1"]
[Round "01"]
[TimeControl "180+2"]
[Date "2023.05.16"]
[WhiteClock "0:01:37"]
[BlackClock "0:01:21"]

1. f4 d5 2. Nf3 c6 3. e3 g6 4. Be2 Bg7 5. O-O Nf6 6. d3 O-O 7. Qe1 Nbd7 8. Qh4 Re8 9. Ne5 Qc7 10. d4 Ne4 11. Nd2 Ndf6 12. Ndf3 h6 13. Nxf7 Kxf7 14. Ne5+ Kg8 15. Nxg6 Bf5 16. Ne5 Bh7 17. g4 Nd7 18. Bd3 Nxe5 19. dxe5 e6 20. b3 Qe7 21. Qh3 b5 22. Qg2 a5 23. Bd2 a4 24. Be1 axb3 25. cxb3 Rf8 26. a4 bxa4 27. bxa4 c5 28. Bb5 c4 29. Rd1 Qc5 30. Qf3 Bxe5 31. Bd7 Ra6 32. f5 exf5 33. gxf5 Kh8 34. Bh4 c3 35. Kh1 Nd2 36. Rxd2 cxd2 37. Qe2 Rd6 38. Be6 Rxe6 39. fxe6 Rxf1+ 40. Qxf1 Be4+ 41. Kg1 Qxe3+ 42. Bf2 Qf3 43. Bc5 d1=Q 44. e7 Qg2# 0-1


[Site "https://www.chess.com"]

[Event "Titled Tuesday Blitz May 16 Early 2023"]
[White "LangesNasenhaar"]
[Black "Goltsev, Dmitry"]
[BlackFideId "24176710"]
[WhiteElo "2406"]
[BlackElo "2356"]
[Result "1-0"]
[Round "01"]
[TimeControl "180+2"]
[Date "2023.05.16"]
[WhiteClock "0:00:11"]
[BlackClock "0:00:24"]

1. d4 Nf6 2. Nc3 e6 3. Bf4 d5 4. Nb5 Na6 5. e3 c6 6. Nc3 Nb8 7. Bd3 Nbd7 8. Nf3 Bb4 9. a3 Ba5 10. Ne5 Nxe5 11. Bxe5 Bc7 12. f4 O-O 13. O-O Nd7 14. Qh5 g6 15. Qh6 Nxe5 16. fxe5 f5 17. g4 Qe7 18. gxf5 exf5 19. Ne2 Bd8 20. Nf4 Qg5+ 21. Qxg5 Bxg5 22. Kf2 Bd7 23. Rg1 Bh4+ 24. Ke2 Kf7 25. Ng2 Be7 26. h4 c5 27. c3 b5 28. h5 a5 29. Nf4 c4 30. Bc2 b4 31. hxg6+ hxg6 32. Nxg6 Rg8 33. Nxe7 Kxe7 34. axb4 axb4 35. Rxg8 Rxg8 36. Kf2 b3 37. Bd1 Rh8 38. Bf3 f4 39. Rh1 fxe3+ 40. Kxe3 Ra8 41. Bxd5 Ra2 42. Rh2 Bf5 43. Be4 Bg4 44. d5 Bd1 45. Kd4 Bc2 46. Bxc2 Rxb2 47. Rh1 Rxc2 48. Rb1 b2 49. Kxc4 Rd2 50. Kc5 Re2 51. c4 Kd7 52. e6+ Ke7 53. Kd4 Rh2 54. Kc5 Rd2 55. Rg1 Rc2 56. Rb1 Rd2 57. Kb4 Rh2 58. Kb3 Rh3+ 59. Kb4 Kd6 60. Rxb2 Rh8 61. Ra2 Rb8+ 62. Kc3 Rb1 63. Ra6+ Kc7 64. Kd4 Kb7 65. Rc6 Rh1 66. Kc5 Rh7 67. Rd6 Rc7+ 68. Kb5 Rh7 69. Rd7+ Rxd7 70. exd7 Kc7 71. c5 Kxd7 72. c6+ Kc8 73. Kc5 Kb8 74. d6 Ka8 75. Kd5 Kb8 76. Ke6 Kc8 77. Ke7 Kb8 78. d7 Ka7 79. d8=Q Ka6 80. c7 Ka7 81. Qb8+ Ka6 82. c8=Q+ Ka5 83. Qcc7+ Ka4 84. Qca7# 1-0


[Site "https://www.chess.com"]

[Event "Titled Tuesday Blitz May 16 Early 2023"]
[White "Lavrik, Dmitry"]
[Black "Orujov2008"]
[WhiteFideId "24113190"]
[WhiteElo "2345"]
[BlackElo "2403"]
[Result "1-0"]
[Round "01"]
[TimeControl "180+2"]
[Date "2023.05.16"]
[WhiteClock "0:00:13"]
[BlackClock "0:00:00"]

1. c4 Nf6 2. g3 e6 3. Bg2 d5 4. Nf3 Be7 5. O-O O-O 6. b3 d4 7. e3 c5 8. exd4 cxd4 9. Ne5 Nfd7 10. Nxd7 Qxd7 11. d3 Nc6 12. Ba3 Bxa3 13. Nxa3 e5 14. Nc2 a5 15. a3 Qe7 16. Qd2 Be6 17. b4 Qc7 18. Rfe1 Rfe8 19. bxa5 Rxa5 20. Rab1 b6 21. Nb4 Ne7 22. Qb2 Rb8 23. Re2 Bc8 24. Nd5 Nxd5 25. Bxd5 Bg4 26. Ree1 Bf5 27. Qb3 Kh8 28. Rb2 Qd6 29. a4 Be6 30. Bxe6 Qxe6 31. f4 f6 32. Rbe2 Qd6 33. fxe5 Rxe5 34. Rxe5 fxe5 35. Qb5 Qg6 36. Qxe5 Rd8 37. Qe7 Ra8 38. Qe4 Qxe4 39. Rxe4 Kg8 40. Rxd4 Rxa4 41. Kf2 b5 42. Rd8+ Kf7 43. c5 b4 44. Ke3 b3 45. Rb8 Ra5 46. d4 Ra3 47. Ke4 Ra2 48. Rxb3 Re2+ 49. Kd5 Rxh2 50. c6 1-0


[Site "https://www.chess.com"]

[Event "Titled Tuesday Blitz May 16 Early 2023"]
[White "Senft, Sean"]
[Black "Vaishali, Rameshbabu"]
[WhiteFideId "2044960"]
[BlackFideId "5091756"]
[WhiteElo "1989"]
[BlackElo "2410"]
[Result "0-1"]
[Round "01"]
[TimeControl "180+2"]
[Date "2023.05.16"]
[WhiteClock "0:00:03"]
[BlackClock "0:00:24"]

1. d4 Nf6 2. c4 e6 3. Nc3 Bb4 4. Nf3 O-O 5. Bg5 c5 6. e3 h6 7. Bh4 b6 8. Bd3 Bb7 9. O-O d5 10. cxd5 exd5 11. Ne2 c4 12. Bb1 Nbd7 13. Ne5 Be7 14. Qc2 Ne4 15. Bxe7 Qxe7 16. f3 Nef6 17. Nxd7 Qxd7 18. Ng3 Rfe8 19. Re1 g6 20. h4 h5 21. Qf2 Rad8 22. Bc2 Qe7 23. Rad1 b5 24. e4 dxe4 25. fxe4 Ng4 26. Qe2 Qxh4 27. Nf1 Kg7 28. d5 Bxd5 29. Qd2 Be6 30. Qc3+ Kh7 31. g3 Qg5 32. Qf3 Ne5 33. Qg2 Bg4 34. Rxd8 Rxd8 35. Ne3 Nf3+ 36. Kf2 Nxe1 37. Kxe1 Qxe3+ 0-1


[Site "https://www.chess.com"]

[Event "Titled Tuesday Blitz May 16 Early 2023"]
[White "Kalajzic, Ivan"]
[Black "carokannlover213"]
[WhiteFideId "14506378"]
[WhiteElo "2203"]
[BlackElo "2710"]
[Result "1-0"]
[Round "01"]
[TimeControl "180+2"]
[Date "2023.05.16"]
[WhiteClock "0:00:16"]
[BlackClock "0:00:04"]

1. b3 e5 2. Bb2 Nc6 3. e3 d5 4. Bb5 Bd6 5. f4 Qh4+ 6. g3 Qe7 7. Nf3 f6 8. fxe5 fxe5 9. O-O Nf6 10. d4 exd4 11. exd4 O-O 12. Bxc6 bxc6 13. Ne5 c5 14. Nc6 Qe8 15. dxc5 Bxc5+ 16. Nd4 Qe3+ 17. Kg2 Bg4 18. Qd3 Qh6 19. h4 Ne4 20. Nc3 Nxc3 21. Bxc3 Bd6 22. Nf5 Bxf5 23. Rxf5 Rxf5 24. Qxf5 Rf8 25. Qxd5+ Kh8 26. Qg5 Qxg5 27. hxg5 Rf5 28. Re1 Kg8 29. Re8+ Kf7 30. Ra8 Rxg5 31. Be1 Re5 32. Bf2 Re2 33. Kf3 Rxc2 34. Bd4 Rxa2 35. g4 Ra3 36. Rb8 Rxb3+ 37. Rxb3 c5 38. Be3 Ke6 39. Rb7 c4 40. Rxg7 c3 41. Rxh7 c2 42. Rh1 Ba3 43. Bc1 Be7 44. Ke4 a5 45. g5 a4 46. Rh2 a3 47. Rxc2 a2 48. Rxa2 Kf7 49. Ra7 Ke6 50. Rxe7+ Kxe7 51. Kf5 Kf7 52. g6+ Kg7 53. Bb2+ Kg8 54. g7 Kf7 55. Kg5 Kg8 56. Kh6 Kf7 57. Kh7 Ke6 58. g8=Q+ Kf5 59. Qd5+ Kf4 60. Be5+ Kf5 61. Bd6+ Kg4 62. Qe4+ Kg5 63. Qf4+ Kh5 64. Qf5+ Kh4 65. Qf4+ Kh5 66. Qf3+ Kh4 67. Be7# 1-0


[Site "https://www.chess.com"]

[Event "Titled Tuesday Blitz May 16 Early 2023"]
[White "Papasimakopoulos, Alexandros"]
[Black "Kohler, Aran"]
[WhiteFideId "4244125"]
[BlackFideId "1002856"]
[WhiteElo "2359"]
[BlackElo "2396"]
[Result "1/2-1/2"]
[Round "01"]
[TimeControl "180+2"]
[Date "2023.05.16"]
[WhiteClock "0:00:26"]
[BlackClock "0:00:03"]

1. d4 Nf6 2. c4 e6 3. Nc3 d5 4. cxd5 exd5 5. Bg5 c6 6. e3 Be7 7. Bd3 h6 8. Bh4 O-O 9. Qc2 Re8 10. Nf3 Ne4 11. Bxe7 Qxe7 12. Bxe4 dxe4 13. Nd2 Bf5 14. Nc4 Na6 15. a3 f6 16. O-O Rad8 17. b4 Nc7 18. f4 Nd5 19. Nxd5 cxd5 20. Nd2 Rc8 21. Qb3 Be6 22. Rfc1 f5 23. a4 Qd7 24. b5 g5 25. fxg5 hxg5 26. Rxc8 Rxc8 27. Rf1 Qc7 28. Qb4 Re8 29. a5 b6 30. axb6 axb6 31. h3 f4 32. exf4 gxf4 33. Qb3 f3 34. Rf2 Qg7 35. Kh2 Bxh3 36. gxh3 Qxd4 37. Nxe4 Qxe4 38. Qxf3 Qxf3 39. Rxf3 Re2+ 40. Kg3 Rb2 41. h4 Rxb5 42. Kg4 Kg7 43. Rc3 Kf6 44. Rc6+ Ke5 45. h5 Rb1 46. h6 Rg1+ 47. Kh5 Kf5 48. Kh4 Rh1+ 49. Kg3 d4 50. Rxb6 Ke4 51. Re6+ Kd3 52. Kf4 Kd2 53. Kg5 d3 54. Kg6 Kc1 55. Rc6+ Kd1 56. Kg7 d2 57. h7 Rxh7+ 58. Kxh7 Ke2 59. Re6+ Kf2 60. Rd6 Ke2 61. Rd5 d1=Q 62. Rxd1 Kxd1 1/2-1/2


[Site "https://www.chess.com"]

[Event "Titled Tuesday Blitz May 16 Early 2023"]
[White "Gritsenko, Nikolai"]
[Black "Gatterer, Florian"]
[WhiteFideId "14112493"]
[BlackFideId "811688"]
[WhiteElo "2389"]
[BlackElo "2221"]
[Result "1-0"]
[Round "01"]
[TimeControl "180+2"]
[Date "2023.05.16"]
[WhiteClock "0:00:59"]
[BlackClock "0:01:06"]

1. d4 d5 2. Bf4 c5 3. e3 Nc6 4. c3 Qb6 5. Qc1 Nf6 6. Nf3 Bf5 7. dxc5 Qxc5 8. Nbd2 e6 9. h3 Be7 10. Be2 O-O 11. O-O a5 12. a4 Bd6 13. Nb3 Qb6 14. Bxd6 Rfd8 15. Bc5 Qxb3 16. Ne1 Ne4 17. Ra3 Nxc5 18. Rxb3 Nxb3 19. Qd1 Nc5 20. Nd3 Nxd3 21. Bxd3 Bxd3 22. Qxd3 Ne5 23. Qe2 g6 24. Rd1 Rdc8 25. e4 dxe4 26. Qxe4 Nc6 27. Rd7 Rab8 28. Qf4 Rf8 29. h4 h5 30. g4 e5 31. Qf6 hxg4 32. h5 gxh5 33. Qg5+ Kh7 34. Rd6 f6 35. Rd7+ Kh8 36. Qg7# 1-0


[Site "https://www.chess.com"]

[Event "Titled Tuesday Blitz May 16 Early 2023"]
[White "Arencibia Monduy, Antonio"]
[Black "Tatarinov, Dmitry"]
[WhiteFideId "3507939"]
[BlackFideId "24160067"]
[WhiteElo "2394"]
[BlackElo "2326"]
[Result "0-1"]
[Round "01"]
[TimeControl "180+2"]
[Date "2023.05.16"]
[WhiteClock "0:00:00"]
[BlackClock "0:01:02"]

1. e4 c6 2. d4 d5 3. e5 c5 4. c3 e6 5. Nf3 Qb6 6. Bd3 Bd7 7. a4 Nc6 8. dxc5 Bxc5 9. O-O a5 10. Na3 Nge7 11. Nb5 Ng6 12. Qe2 O-O 13. h4 f6 14. exf6 Rxf6 15. h5 Nf4 16. Bxf4 Rxf4 17. Qc2 h6 18. Rae1 Raf8 19. Re2 e5 20. Nxe5 Nxe5 21. Rxe5 Rxf2 22. Rxf2 Rxf2 23. Bh7+ Kh8 0-1


[Site "https://www.chess.com"]

[Event "Titled Tuesday Blitz May 16 Early 2023"]
[White "Prohaszka, Peter"]
[Black "Gil Alba, Hector Luis"]
[WhiteFideId "726265"]
[BlackFideId "3504670"]
[WhiteElo "2626"]
[BlackElo "2331"]
[Result "1-0"]
[Round "01"]
[TimeControl "180+2"]
[Date "2023.05.16"]
[WhiteClock "0:00:53"]
[BlackClock "0:01:10"]

1. d4 Nf6 2. c3 e6 3. Nf3 d5 4. Bg5 Be7 5. Nbd2 O-O 6. e3 c5 7. Bd3 Nc6 8. Ne5 Nd7 9. Bxe7 Qxe7 10. f4 f6 11. Bxh7+ Kxh7 12. Qh5+ Kg8 13. Ng6 Qe8 14. O-O Ne7 15. Qh8+ Kf7 16. Nxf8 Qxf8 17. Qh3 f5 18. Nf3 Nf6 19. Ne5+ Ke8 20. dxc5 Nc6 21. c4 dxc4 22. Nxc4 Qxc5 23. Rac1 Qe7 24. Rfd1 Nd5 25. b4 a6 26. a4 Ncxb4 27. Qh8+ Kd7 28. Nb6+ 1-0


[Site "https://www.chess.com"]

[Event "Titled Tuesday Blitz May 16 Early 2023"]
[White "Gurevich, Dmitry"]
[Black "caropawn10"]
[WhiteFideId "2000407"]
[WhiteElo "2506"]
[BlackElo "2705"]
[Result "1-0"]
[Round "01"]
[TimeControl "180+2"]
[Date "2023.05.16"]
[WhiteClock "0:00:02"]
[BlackClock "0:00:43"]

1. d4 Nf6 2. c4 e6 3. Nc3 d5 4. Nf3 Be7 5. Bf4 O-O 6. e3 c6 7. a3 Nbd7 8. h3 b6 9. Bd3 Bb7 10. cxd5 exd5 11. O-O Re8 12. Rc1 Nf8 13. Ne5 Bd6 14. Bh2 Rc8 15. f4 c5 16. Ne2 a6 17. Bf5 Rc7 18. g4 N6d7 19. Bb1 f6 20. Nxd7 Rxd7 21. Rc3 Rde7 22. Qd2 Ne6 23. Ng3 cxd4 24. exd4 Nxf4 25. Rxf4 Bxf4 26. Qxf4 Re1+ 27. Kf2 Rxb1 28. Rc2 Rbe1 29. Nf5 R1e4 30. Qf3 Qd7 31. Nd6 Bc6 32. Nxe8 Qxe8 33. Re2 Qe6 34. Rxe4 dxe4 35. Qf4 Qd5 36. Qd6 Qc4 37. g5 Qc2+ 38. Kg1 Qd1+ 39. Kf2 Qf3+ 40. Kg1 e3 41. Qe6+ Kf8 42. Bd6# 1-0


[Site "https://www.chess.com"]

[Event "Titled Tuesday Blitz May 16 Early 2023"]
[White "Halkias, Stelios"]
[Black "Lopez Del Alamo, Antonio"]
[WhiteFideId "4201809"]
[BlackFideId "2227339"]
[WhiteElo "2451"]
[BlackElo "2175"]
[Result "1-0"]
[Round "01"]
[TimeControl "180+2"]
[Date "2023.05.16"]
[WhiteClock "0:01:32"]
[BlackClock "0:01:32"]

1. Nf3 g6 2. c4 Bg7 3. e4 d6 4. d4 Nf6 5. Nc3 O-O 6. Be2 e5 7. Be3 Ng4 8. Bg5 Qe8 9. h3 Nf6 10. dxe5 dxe5 11. O-O Na6 12. Qc2 h6 13. Be3 Qe7 14. Nd5 Nxd5 15. cxd5 f5 16. Bxa6 bxa6 17. Bc5 Qf7 18. Bxf8 Bxf8 19. Nxe5 Qg7 20. f4 Bd6 21. Kh1 fxe4 22. Qxe4 Bf5 23. Qe2 g5 24. fxg5 Rf8 25. Nc4 Bg3 26. Ne3 Bd7 1-0


[Site "https://www.chess.com"]

[Event "Titled Tuesday Blitz May 16 Early 2023"]
[White "Mogirzan, Matei-Valeriu"]
[Black "AnujShrivatri21"]
[WhiteFideId "1257455"]
[WhiteElo "1733"]
[BlackElo "2700"]
[Result "0-1"]
[Round "01"]
[TimeControl "180+2"]
[Date "2023.05.16"]
[WhiteClock "0:00:00"]
[BlackClock "0:00:23"]

1. e4 c6 2. d4 d5 3. Nc3 dxe4 4. Nxe4 Nf6 5. Nxf6+ exf6 6. Bd3 Bd6 7. Qh5 g6 8. Qh6 Bb4+ 9. c3 Qxd4 10. Qg7 Rf8 11. cxb4 Qxd3 12. Bh6 Qe4+ 13. Ne2 Qxb4+ 14. Nc3 Be6 15. O-O Nd7 16. a3 Qxb2 17. Ne4 Qe5 18. Rad1 Qxe4 19. Rfe1 Qf5 20. Qxh7 O-O-O 21. Bxf8 Rxf8 22. Qh4 g5 23. Qb4 Rh8 24. h3 Qf4 25. Qxf4 gxf4 26. Re4 f3 27. gxf3 Rxh3 28. Kg2 Rh5 29. Rh1 Rxh1 30. Kxh1 Bd5 31. Rf4 c5 32. Kg1 c4 33. Rd4 Be6 34. f4 f5 35. Kf1 Kc7 36. Ke1 Kc6 37. Kd2 Kc5 38. Kc3 b5 39. Rd1 a5 40. f3 b4+ 41. axb4+ axb4+ 42. Kd2 c3+ 43. Ke3 c2 44. Rc1 b3 45. Kd3 Nb6 46. Kc3 Na4+ 47. Kd3 Bc4+ 48. Ke3 b2 49. Rxc2 b1=Q 0-1


[Site "https://www.chess.com"]

[Event "Titled Tuesday Blitz May 16 Early 2023"]
[White "Dimitrov, Atanas"]
[Black "Sargissyan, Sargis"]
[WhiteFideId "2901315"]
[BlackFideId "13303210"]
[WhiteElo "2700"]
[BlackElo "2109"]
[Result "1-0"]
[Round "01"]
[TimeControl "180+2"]
[Date "2023.05.16"]
[WhiteClock "0:00:06"]
[BlackClock "0:00:00"]

1. Nf3 Nf6 2. g3 g6 3. Bg2 Bg7 4. O-O O-O 5. c4 c6 6. b3 d5 7. Bb2 a5 8. d3 a4 9. Qc2 axb3 10. axb3 Rxa1 11. Bxa1 Na6 12. Nbd2 Nb4 13. Qb1 c5 14. Bc3 Nc6 15. cxd5 Nxd5 16. Bxg7 Kxg7 17. Qc2 b6 18. Ra1 e5 19. Nc4 f6 20. Qc1 Bb7 21. h4 h5 22. Qa3 Ndb4 23. Qb2 Qc7 24. Ra3 Ra8 25. Rxa8 Bxa8 26. Qa1 Bb7 27. Qb1 Nd4 28. Nxd4 exd4 29. Bxb7 Qxb7 30. Qa1 b5 31. Nd6 Qd7 32. Ne4 Qe7 33. Kf1 Nd5 34. Qa5 f5 35. Ng5 Nc3 36. e3 b4 37. exd4 cxd4 38. Kg2 Qb7+ 39. Kh2 Qe7 40. Nf3 Nd1 41. Qa2 Nc3 42. Qd2 Qd6 43. Qg5 Nd1 44. Qd2 Nc3 45. Qe1 Qd5 46. Ng5 Qd7 47. Qe5+ Kg8 48. Ne6 Kf7 49. Nxd4 Nd5 50. Nf3 Nf6 51. Ng5+ Kg7 52. Ne6+ Kf7 53. Ng5+ Kg7 54. d4 1-0


[Site "https://www.chess.com"]

[Event "Titled Tuesday Blitz May 16 Early 2023"]
[White "Urbina Perez, Juan Antonio"]
[Black "Begmuratov, Alisher"]
[WhiteFideId "2217368"]
[BlackFideId "14203367"]
[WhiteElo "2197"]
[BlackElo "2387"]
[Result "1-0"]
[Round "01"]
[TimeControl "180+2"]
[Date "2023.05.16"]
[WhiteClock "0:00:17"]
[BlackClock "0:00:51"]

1. Nf3 Nf6 2. e3 d5 3. b3 c5 4. Bb5+ Bd7 5. Bxd7+ Qxd7 6. Bb2 Nc6 7. O-O e6 8. d4 cxd4 9. Nxd4 Nxd4 10. Bxd4 Be7 11. Nd2 O-O 12. c4 b5 13. cxd5 Nxd5 14. Rc1 Rac8 15. Qg4 Bf6 16. Nf3 Rxc1 17. Rxc1 Rc8 18. Rxc8+ Qxc8 19. g3 Qc1+ 20. Kg2 Qc2 21. Kg1 Qb1+ 22. Kg2 Qxa2 23. Qe4 Qxb3 24. Bxf6 gxf6 25. Nd4 Qc4 26. Qg4+ Kf8 27. Qh4 Qd3 28. Nc6 Nxe3+ 29. fxe3 Qd5+ 30. Kg1 Qxc6 31. Qxf6 Qd6 32. Qh8+ Ke7 33. Qxh7 b4 34. Qh4+ Kd7 35. Qc4 Qd2 36. Qb5+ Ke7 37. Qb7+ Kd6 38. Qxa7 Ke5 39. Qc7+ Ke4 40. Qf4+ Kd3 41. Qd4+ Ke2 42. Qc4+ Ke1 43. Qf1# 1-0


[Site "https://www.chess.com"]

[Event "Titled Tuesday Blitz May 16 Early 2023"]
[White "Prraneeth Vuppala"]
[Black "Fikiet, Alex"]
[WhiteFideId "46622373"]
[BlackFideId "2052717"]
[WhiteElo "2299"]
[BlackElo "2385"]
[Result "1-0"]
[Round "01"]
[TimeControl "180+2"]
[Date "2023.05.16"]
[WhiteClock "0:02:00"]
[BlackClock "0:01:51"]

1. b3 e5 2. Bb2 Nc6 3. g3 d5 4. Bg2 Nf6 5. d3 Be6 6. Nd2 Qd7 7. e3 a5 8. Ne2 Bd6 9. O-O Bh3 10. f4 O-O 11. fxe5 Nxe5 12. Rxf6 gxf6 13. Nf4 Bxg2 14. Kxg2 c6 15. Nh5 Qf5 16. Qe2 Qg6 17. Rf1 Nd7 18. Nxf6+ 1-0


[Site "https://www.chess.com"]

[Event "Titled Tuesday Blitz May 16 Early 2023"]
[White "Mohammed, Zozek Salah Mohammed"]
[Black "Rastbod, Ali"]
[WhiteFideId "4803361"]
[BlackFideId "12567477"]
[WhiteElo "2211"]
[BlackElo "2274"]
[Result "0-1"]
[Round "01"]
[TimeControl "180+2"]
[Date "2023.05.16"]
[WhiteClock "0:00:03"]
[BlackClock "0:00:32"]

1. d4 d5 2. Nf3 Nf6 3. g3 c6 4. Bg2 Bf5 5. O-O e6 6. c4 h6 7. Nc3 Be7 8. Nd2 O-O 9. e4 dxe4 10. Ndxe4 Nbd7 11. b3 Qb6 12. Bb2 Rfd8 13. Qe2 Nxe4 14. Nxe4 Nf6 15. Rfd1 Nxe4 16. Bxe4 Bxe4 17. Qxe4 Bf6 18. Rd2 Rd7 19. Rad1 Rad8 20. Kg2 Qa5 21. a3 c5 22. h4 h5 23. Qe3 cxd4 24. Bxd4 Bxd4 25. Rxd4 Rxd4 26. Rxd4 Rxd4 27. Qxd4 Qxa3 28. Qd8+ Kh7 29. Qd7 Qxb3 30. Qxf7 Kh6 31. Qxe6+ g6 32. Qg8 Qc3 33. Qf8+ Qg7 34. Qf4+ Kh7 35. c5 Qd7 36. Qd6 Qc6+ 37. Kh2 a6 38. Qe7+ Kg8 39. Qd8+ Kf7 40. Qd4 Ke6 41. f4 Qd5 42. Qe3+ Kd7 43. Qc3 Qe6 44. Qd4+ Kc6 45. Qb4 Qe2+ 46. Kh3 Qf1+ 47. Kh2 Qf2+ 48. Kh3 Qxc5 49. Qe4+ Qd5 50. Qxg6+ Kc5 51. Qc2+ Kb4 52. Qb2+ Ka4 53. Qa1+ Kb5 54. Qb2+ Kc6 55. Qc3+ Kd7 56. Qg7+ Kc8 57. Qc3+ Kb8 58. Kh2 b5 59. Qh8+ Ka7 60. Qh7+ Kb6 61. f5 Qd2+ 62. Kh3 Qe2 63. Qg6+ Ka5 64. f6 Qf3 65. f7 Qh1# 0-1


[Site "https://www.chess.com"]

[Event "Titled Tuesday Blitz May 16 Early 2023"]
[White "McCoy, Owen"]
[Black "Savitha Shri B"]
[WhiteFideId "30924502"]
[BlackFideId "35061887"]
[WhiteElo "2690"]
[BlackElo "2197"]
[Result "1-0"]
[Round "01"]
[TimeControl "180+2"]
[Date "2023.05.16"]
[WhiteClock "0:02:04"]
[BlackClock "0:01:23"]

1. d4 c5 2. e3 cxd4 3. exd4 d5 4. Bd3 Nc6 5. c3 Nf6 6. h3 e6 7. Nf3 Bd6 8. O-O O-O 9. Re1 h6 10. a4 a6 11. Bc2 Rb8 12. Nbd2 b5 13. axb5 axb5 14. b4 Ne7 15. Nb3 Qc7 16. Nc5 Bxc5 17. bxc5 Nf5 18. Ne5 b4 19. Bf4 bxc3 20. Nd3 Qb7 21. Rb1 Qxb1 22. Bxb1 Nxd4 23. Bxb8 1-0


[Site "https://www.chess.com"]

[Event "Titled Tuesday Blitz May 16 Early 2023"]
[White "Itkis, Boris"]
[Black "Hua, Lefong"]
[WhiteFideId "1209167"]
[BlackFideId "2602253"]
[WhiteElo "2216"]
[BlackElo "2690"]
[Result "0-1"]
[Round "01"]
[TimeControl "180+2"]
[Date "2023.05.16"]
[WhiteClock "0:00:39"]
[BlackClock "0:01:31"]

1. c4 Nf6 2. Nf3 g6 3. b4 Bg7 4. Bb2 O-O 5. g3 a5 6. b5 d6 7. Bg2 e5 8. d3 Nbd7 9. O-O Nc5 10. Nc3 e4 11. dxe4 Nfxe4 12. Qc1 Nf6 13. Nd4 Re8 14. Nb3 Nfd7 15. Re1 a4 16. Nxc5 Nxc5 17. Nd5 Be6 18. Bxg7 Kxg7 19. Qc3+ f6 20. e3 Bxd5 21. Bxd5 Qe7 22. Rad1 Qe5 23. Qxe5 Rxe5 24. f4 Re7 25. Kf2 f5 26. Kf3 Rae8 27. h3 h6 28. g4 Kf6 29. Rc1 Nd3 0-1


[Site "https://www.chess.com"]

[Event "Titled Tuesday Blitz May 16 Early 2023"]
[White "Krysa, Leandro"]
[Black "Koutsin, Sergey"]
[WhiteFideId "116807"]
[BlackFideId "14101483"]
[WhiteElo "2489"]
[BlackElo "2381"]
[Result "1-0"]
[Round "01"]
[TimeControl "180+2"]
[Date "2023.05.16"]
[WhiteClock "0:00:15"]
[BlackClock "0:01:23"]

1. e4 e6 2. d4 d5 3. Nc3 Nf6 4. e5 Nfd7 5. Nce2 c5 6. c3 Be7 7. Nf3 O-O 8. g3 Nc6 9. Bg2 f6 10. Nf4 Nb6 11. Qe2 fxe5 12. dxe5 Qc7 13. h4 Bd7 14. O-O Rae8 15. Bh3 Bd8 16. b3 Bc8 17. Bd2 Kh8 18. Rfe1 Qe7 19. Ng5 Qd7 20. Qh5 Bxg5 21. Ng6+ Kg8 22. Nxf8 Rxf8 23. Bxg5 Qf7 24. Qxf7+ Rxf7 25. Rad1 h6 26. Bf4 Bd7 27. h5 Nc8 28. Bg4 N8e7 29. Kg2 Nf5 30. Be2 Be8 31. Bb5 a6 32. Be2 Rf8 33. Bg4 Nce7 34. Rh1 Bc6 35. Bf3 Nc8 36. c4 Nfe7 37. cxd5 Nxd5 38. Bd2 Ne3+ 39. Bxe3 Bxf3+ 40. Kh3 Bxh1 41. Rxh1 b6 42. Rd1 Ne7 43. Rd6 Nd5 44. Rxe6 Rd8 45. Kg4 Kf7 46. Rc6 Nxe3+ 47. fxe3 Rd2 48. Rxb6 Rxa2 49. e6+ Ke7 50. Kf5 Re2 51. e4 Rf2+ 52. Ke5 Rd2 53. Rxa6 Kf8 54. Ra8+ Ke7 55. Rg8 Rd3 56. Rxg7+ Kf8 57. e7+ Ke8 58. Ke6 1-0


[Site "https://www.chess.com"]

[Event "Titled Tuesday Blitz May 16 Early 2023"]
[White "Seemann, Jakub"]
[Black "Goswami, Vedant"]
[WhiteFideId "21874697"]
[BlackFideId "5003725"]
[WhiteElo "2364"]
[BlackElo "2011"]
[Result "1-0"]
[Round "01"]
[TimeControl "180+2"]
[Date "2023.05.16"]
[WhiteClock "0:00:02"]
[BlackClock "0:00:00"]

1. c4 g6 2. Nc3 d6 3. g3 Bg7 4. Bg2 c6 5. e3 Bd7 6. Nge2 Qc8 7. O-O Bh3 8. d4 h5 9. Bxh3 Qxh3 10. Nf4 Qd7 11. h4 Nh6 12. Kg2 e5 13. dxe5 dxe5 14. Qxd7+ Nxd7 15. Nfe2 Nf5 16. b3 Nc5 17. Ba3 Bf8 18. Rfd1 Rd8 19. Rxd8+ Kxd8 20. Rd1+ Kc7 21. e4 Nxe4 22. Nxe4 Bxa3 23. Ng5 Rf8 24. Nc3 Be7 25. Nce4 Bxg5 26. hxg5 Rd8 27. Re1 a5 28. Nf6 Rd2 29. Rxe5 Rxa2 30. Kg1 Kd6 31. Re8 Ra3 32. Ne4+ Kd7 33. Nf6+ Kc7 34. Rf8 Rxb3 35. Rxf7+ Kd6 36. Ne4+ Ke6 37. Rf6+ Ke5 38. Nc5 Rb1+ 39. Kg2 b5 40. Nd7+ Ke4 41. c5 a4 42. Rxc6 a3 43. Ra6 b4 44. c6 Rc1 45. Ra4 Rxc6 46. Rxb4+ Kd5 47. Nf6+ Kc5 48. Ra4 Rd6 49. Ne4+ Kd5 50. Nxd6 1-0


[Site "https://www.chess.com"]

[Event "Titled Tuesday Blitz May 16 Early 2023"]
[White "littlepillow2010"]
[Black "Mendez Fortes, Eduardo Jesus"]
[BlackFideId "3502376"]
[WhiteElo "2369"]
[BlackElo "2307"]
[Result "0-1"]
[Round "01"]
[TimeControl "180+2"]
[Date "2023.05.16"]
[WhiteClock "0:00:00"]
[BlackClock "0:01:49"]

1. e4 c5 2. Nf3 d6 3. d4 cxd4 4. Nxd4 Nf6 5. Nc3 a6 6. h3 e5 7. Nb3 Be6 8. f4 Nc6 9. f5 Bxb3 10. axb3 Qb6 11. Bg5 Nd4 12. Bxf6 gxf6 13. Nd5 Qd8 14. c3 Nc6 15. Qh5 Bg7 16. Bc4 O-O 17. O-O b5 18. Be2 Kh8 19. Kh1 Ne7 20. Ne3 Qb6 21. Rf3 d5 22. exd5 Rad8 23. Rc1 Nxd5 24. Nxd5 Rxd5 25. Rd3 Rxd3 26. Bxd3 Qe3 27. Rd1 e4 28. Qe2 Qxe2 29. Bxe2 Bh6 30. Rd4 Re8 31. Kh2 Bf4+ 32. g3 Be5 33. Rd7 Rg8 34. Bg4 h5 35. Bxh5 Rxg3 36. Rxf7 Rg5+ 37. Kh1 Rxh5 38. Kg2 Rxf5 39. Rf8+ Kg7 40. Ra8 Rg5+ 41. Kf2 Rg3 42. Ke2 Rxh3 43. Rxa6 Kg6 44. Rb6 Kf5 45. Rxb5 Kf4 0-1


[Site "https://www.chess.com"]